 Dungeon Crawl Stone Soup version 0.22.1-2-g9c5b331 (webtiles) character file.

211 TheAlmogaver the Magician (level 5, -1/37 HPs)
             Began as a Gnoll Wizard on Dec 14, 2018.
             Slain by Edmund
             ... wielding a +1 dire flail of protection
              (7 damage)
             ... on level 4 of the Dungeon.
             The game lasted 00:27:45 (3822 turns).

TheAlmogaver the Magician (Gnoll Wizard)            Turns: 3822, Time: 00:27:46

Health: -1/37      AC:  3    Str: 10    XL:     5   Next: 88%
Magic:  2/14       EV: 14    Int: 21    God:
Gold:   120        SH:  0    Dex: 13    Spells: 7/18 levels left

rFire    . . .     SeeInvis .   f - +3 whip (pain)
rCold    . . .     Gourm    .   (no shield)
rNeg     . . .     Faith    .   a - +0 robe
rPois    .         Spirit   .   b - +1 hat
rElec    .         Reflect  .   (no cloak)
rCorr    .         Harm     .   (no gloves)
MR       .....     Rnd*Rage +   (no boots)
Stlth    +++.......             (no amulet)
HPRegen  0.12/turn              (no ring)
MPRegen  0.14/turn              (no ring)

@: flying
A: distributed training, fangs 1, berserk 1, wild magic 2, MP-powered wands,
strong nose
a: no special abilities


You were on level 4 of the Dungeon.
You were hungry.

You visited 1 branch of the dungeon, and saw 4 of its levels.

You collected 120 gold pieces.

Inventory:

Hand Weapons
 e - a +0 dagger
 f - a +3 whip of pain (weapon)
Armour
 a - a +0 robe (worn)
 b - a +1 hat (worn)
Wands
 i - a wand of random effects (37)
Scrolls
 c - a scroll of enchant armour
 h - 2 scrolls of identify
Comestibles
 d - 7 rations
 g - 5 chunks of flesh


   Skills:
 + Level 1.6 Fighting
 + Level 1.6 Short Blades
 + Level 1.6 Long Blades
 + Level 1.6 Axes
 + Level 1.6 Maces & Flails
 + Level 1.6 Polearms
 + Level 1.6 Staves
 + Level 1.6 Slings
 + Level 1.6 Bows
 + Level 1.6 Crossbows
 + Level 1.6 Throwing
 + Level 1.6 Armour
 + Level 4.8 Dodging
 + Level 4.4 Stealth
 + Level 1.6 Shields
 + Level 1.6 Unarmed Combat
 + Level 7.3 Spellcasting
 + Level 2.4 Conjurations
 + Level 1.3 Hexes
 + Level 1.3 Charms
 + Level 2.4 Summonings
 + Level 1.3 Necromancy
 + Level 2.4 Translocations
 + Level 1.3 Transmutations
 + Level 1.3 Fire Magic
 + Level 1.3 Ice Magic
 + Level 1.3 Air Magic
 + Level 1.3 Earth Magic
 + Level 1.3 Poison Magic
 + Level 1.8 Invocations
 + Level 1.6 Evocations


You had 7 spell levels left.
You knew the following spells:

 Your Spells              Type           Power        Failure   Level  Hunger
a - Magic Dart            Conj           ####         9%          1    None
b - Blink                 Tloc           N/A          12%         2    None
c - Call Imp              Summ           ####....     12%         2    None
d - Conjure Flame         Conj/Fire      ####....     24%         3    None
e - Mephitic Cloud        Conj/Pois/Air  ###.....     26%         3    None

Your spell library contained the following spells:

 Spells                   Type           Power        Failure   Level  Hunger
 Slow                     Hex            ###.....     17%         2    None


Dungeon Overview and Level Annotations

Branches:
Dungeon (4/15)
 Temple: D:4-7

Altars:
Gozag
Nemelex Xobeh
Qazlal

Annotations:
D:4 Edmund


Innate Abilities, Weirdness & Mutations

Your experience applies equally to all skills.
You have very sharp teeth.
Your uncanny sense of smell can sniff out nearby items.
You tend to lose your temper in combat.
Your spells are harder to cast, but more powerful.
You expend magic power (3 MP) to strengthen your wands.


Message History

The magic dart hits Edmund.
Edmund is severely wounded.
Edmund closely misses you.
You hit Edmund but do no damage.
Edmund is severely wounded.
Edmund hits you with a dire flail of protection.
* * * LOW HITPOINT WARNING * * *
You closely miss Edmund.
Edmund is severely wounded.
Edmund barely misses you.
You hit Edmund but do no damage.
Edmund is severely wounded.
Edmund barely misses you.
Some of the chunks of flesh in your inventory have rotted away.
You see here 9 gold pieces.
Edmund hits you with a dire flail of protection.
* * * LOW HITPOINT WARNING * * *
Edmund asks, "Have you met my wondrous brother?"
Edmund hits you with a dire flail of protection!
You die...

#.. #.# #.# #######.#
######.......#
#............#+###
#................#
#..$.......@.....#
#........###@..).# ∆
#........###...$.###
+........+..........
∆∆
#........###.#+#####
#..........$...####
#########...###.[.###
∆ +...'.'...'.# ##+##
#.# #...###...#.##
.....


You could see Edmund.

Vanquished Creatures
  A hound skeleton (D:4)
  An adder (D:3)
  A gnoll (D:4)
  5 dart slugs
  3 leopard geckos
  An orc (D:3)
  6 giant cockroaches
  A goblin (D:1)
  3 hobgoblins
  5 jackals
  2 ball pythons
  6 bats
  3 frilled lizards
  3 kobolds
  4 rats
45 creatures vanquished.

Vanquished Creatures (collateral kills)
  A howler monkey (D:4)
  An orc priest (D:3)
  An orc wizard (D:3)
  Ijyb (D:2)
  2 gnolls (D:4)
  4 adders
  2 worms
  5 orcs (D:3)
  A giant cockroach (D:3)
  5 goblins
  4 hobgoblins
  4 jackals
  5 kobolds
  A ball python (D:3)
  A bat (D:3)
  A rat (D:3)
39 creatures vanquished.

Grand Total: 84 creatures vanquished

Notes
Turn   | Place    | Note
-------+----------+-------------------------------------------
     0 | D:1      | TheAlmogaver the Gnoll Wizard began the quest for the Orb.
     0 | D:1      | Reached XP level 1. HP: 13/13 MP: 8/8
   314 | D:1      | Reached XP level 2. HP: 19/19 MP: 7/10
   586 | D:1      | Learned a level 2 spell: Blink
   589 | D:1      | Learned a level 2 spell: Call Imp
   612 | D:1      | Reached XP level 3. HP: 20/25 MP: 1/11
  1032 | D:2      | Found a sparkling altar of Nemelex Xobeh.
  1149 | D:2      | Reached skill level 1 in Invocations
  1427 | D:2      | Learned a level 3 spell: Conjure Flame
  1431 | D:2      | Learned a level 3 spell: Mephitic Cloud
  1782 | D:2      | Found a stormy altar of Qazlal.
  1859 | D:2      | Reached skill level 1 in Fighting
  1859 | D:2      | Reached skill level 1 in Short Blades
  1859 | D:2      | Reached skill level 1 in Long Blades
  1859 | D:2      | Reached skill level 1 in Axes
  1859 | D:2      | Reached skill level 1 in Maces & Flails
  1859 | D:2      | Reached skill level 1 in Polearms
  1859 | D:2      | Reached skill level 1 in Staves
  1859 | D:2      | Reached skill level 1 in Slings
  1859 | D:2      | Reached skill level 1 in Bows
  1859 | D:2      | Reached skill level 1 in Crossbows
  1859 | D:2      | Reached skill level 1 in Throwing
  1859 | D:2      | Reached skill level 1 in Armour
  1859 | D:2      | Reached skill level 1 in Shields
  1859 | D:2      | Reached skill level 1 in Unarmed Combat
  1859 | D:2      | Reached skill level 1 in Evocations
  1862 | D:2      | Reached XP level 4. HP: 32/32 MP: 8/13
  2335 | D:3      | Noticed Ijyb
  2557 | D:2      | Killed Ijyb
  2557 | D:2      | Reached skill level 1 in Hexes
  2557 | D:2      | Reached skill level 1 in Charms
  2557 | D:2      | Reached skill level 1 in Necromancy
  2557 | D:2      | Reached skill level 1 in Transmutations
  2557 | D:2      | Reached skill level 1 in Fire Magic
  2557 | D:2      | Reached skill level 1 in Ice Magic
  2557 | D:2      | Reached skill level 1 in Air Magic
  2557 | D:2      | Reached skill level 1 in Earth Magic
  2557 | D:2      | Reached skill level 1 in Poison Magic
  2714 | D:3      | Reached XP level 5. HP: 37/37 MP: 1/14
  2883 | D:3      | Gained mutation: Your spells are a little harder to cast,
                  | but a little more powerful. [potion of mutation]
  2883 | D:3      | Gained mutation: You expend magic power (3 MP) to
                  | strengthen your wands. [potion of mutation]
  2883 | D:3      | Gained mutation: You tend to lose your temper in combat.
                  | [potion of mutation]
  2883 | D:3      | Gained mutation: Your spells are harder to cast, but more
                  | powerful. [potion of mutation]
  3425 | D:3      | Found an opulent altar of Gozag.
  3729 | D:4      | Noticed Edmund
  3822 | D:4      | Slain by Edmund

Skill      XL: |  1  2  3  4 |
---------------+-------------+-----
Conjurations   | 2 |  2.4
Summonings     | 2 |  2.4
Translocations | 2 |  2.4
Invocations    | 1 |  1.8
Fighting       | 1 |  1.6
Short Blades   | 1 |  1.6
Long Blades    | 1 |  1.6
Axes           | 1 |  1.6
Maces & Flails | 1 |  1.6
Polearms       | 1 |  1.6
Staves         | 1 |  1.6
Slings         | 1 |  1.6
Bows           | 1 |  1.6
Crossbows      | 1 |  1.6
Throwing       | 1 |  1.6
Armour         | 1 |  1.6
Shields        | 1 |  1.6
Unarmed Combat | 1 |  1.6
Evocations     | 1 |  1.6
Hexes          | 1 |  1.3
Charms         | 1 |  1.3
Necromancy     | 1 |  1.3
Transmutations | 1 |  1.3
Fire Magic     | 1 |  1.3
Ice Magic      | 1 |  1.3
Air Magic      | 1 |  1.3
Earth Magic    | 1 |  1.3
Poison Magic   | 1 |  1.3
Dodging        | |  4.8
Stealth        | |  4.4
Spellcasting   | |  7.3

Action                   |  1- 3 |  4- 6 || total
-------------------------+-------+-------++-------
Melee: Whip              |       |    15 ||    15
       Bite              |       |     2 ||     2
 Cast: Magic Dart        |    69 |    59 ||   128
       Blink             |     4 |     6 ||    10
       Call Imp          |    14 |    39 ||    53
       Mephitic Cloud    |       |     6 ||     6
  Use: Potion            |     5 |     4 ||     9
       Scroll            |     3 |     3 ||     6
 Stab: Distracted        |       |     1 ||     1
  Eat: Ration            |     1 |     1 ||     2
       Chunk             |       |     1 ||     1
Armor: Robe              |     4 |     6 ||    10
Dodge: Dodged            |    17 |    32 ||    49
